 Dungeon Crawl Stone Soup version 0.27-a0-906-g0a00ce863d (webtiles) character file.

Game seed: 11363999220865570179

2419 night the Fighter (level 9, -8/70 HPs)
             Began as a Djinni Venom Mage on Apr 7, 2021.
             Was an Elder of Yredelemnul.
             Killed by divine providence
             ... invoked by an orc priest
              (12 damage)
             ... on level 7 of the Dungeon.
             The game lasted 00:23:24 (8442 turns).

night the Fighter (Djinni Venom Mage)               Turns: 8442, Time: 00:23:25

Health: -8/70      AC:  7    Str:  7    XL:     9   Next: 48%
Gold:   596        EV: 12    Int: 25    God:    Yredelemnul [****..] SH: 10 Dex: 13

rFire    + + +     SeeInvis +   I - +2 mace (protect)
rCold    x . .     Faith    .   i - +0 buckler
rNeg     + . .     Spirit   .   t - +2 robe "Pacvaomp" {Int+4}
rPois    ∞         Reflect  +   z - +0 mask of the Dragon {Will+ Slay+3 SInv}
rElec    .         Harm     .   b - +2 cloak {Stlth+}
rCorr    .         Rampage  .   (no gloves)
Will     +....                  (boots unavailable)
Stlth    +++.......             x - amulet of reflection
HPRegen  0.21/turn              q - ring of protection from fire
MPRegen  0.00/turn              B - ring of positive energy

@: flying
A: fire resistance 2, cold vulnerability 1, float, innate caster, hp casting,
extra vitality 1
a: Renounce Religion, Recall Undead Slaves, Injury Mirror, Animate Dead, Drain
Life


You were on level 7 of the Dungeon.
You worshipped Yredelemnul.
Yredelemnul was greatly pleased with you.
You visited 1 branch of the dungeon, and saw 7 of its levels.

You collected 1223 gold pieces.
You spent 627 gold pieces at shops.

Inventory:

Hand Weapons
 e - a +1 dagger
 s - a +0 hunting sling of flaming
 I - a +2 mace of protection (weapon)
Missiles
 j - 153 arrows
 n - 21 sling bullets
 p - 157 stones
 C - 3 atropa-tipped darts
 G - 59 bolts
 H - 7 boomerangs
 J - 6 poisoned darts
Armour
 a - a +0 robe
 b - a +2 cloak of stealth (worn)
 f - a scarf of repulsion
 i - a +0 buckler (worn)
 t - the +2 robe "Pacvaomp" (worn) {Int+4}
   (You bought it in a shop on level 2 of the Dungeon)

   It affects your intelligence (+4).
 z - the +0 mask of the Dragon (worn) {Will+ Slay+3 SInv}
   (You acquired it on level 4 of the Dungeon)

   It affects your accuracy and damage with ranged weapons and melee attacks
   (+3).
   It lets you see invisible.
   It increases your willpower.
Jewellery
 h - a ring of fire
 q - a ring of protection from fire (left hand)
 x - an amulet of reflection (around neck)
 B - a ring of positive energy (right hand)
Wands
 o - a wand of iceblast (13)
 u - a wand of flame (12)
 y - a wand of random effects (20)
 D - a wand of charming (7)
Scrolls
 c - 4 scrolls of identify
 d - 2 scrolls of teleportation
 w - 3 scrolls of enchant weapon
 E - a scroll of blinking
 F - a scroll of magic mapping
Potions
 g - a potion of haste
 k - 5 potions of curing
 l - 2 potions of cancellation
 m - 2 potions of heal wounds
 r - a potion of attraction
 v - a potion of might
 A - 2 potions of berserk rage


   Skills:
 + Level 8.2 Fighting
 - Level 2.1 Dodging
 - Level 1.5 Stealth
 - Level 4.0 Shields
 + Level 7.5 Spellcasting


You had one spell level left.
You knew the following spells:

 Your Spells              Type           Power      Damage    Failure   Level
a - Sting                 Tmut/Pois      100%       1d8       1%          1
b - Poisonous Vapours     Pois/Air       94%        N/A       1%          2
c - Ignite Poison         Fire/Tmut/Pois 47%        N/A       1%          3
d - Olgreb's Toxic Radia  Pois           47%        N/A       3%          4
e - Mephitic Cloud        Conj/Pois/Air  47%        N/A       1%          3
f - Sandblast             Erth           94%        2d19      1%          1
g - Corpse Rot            Necr/Air       N/A        N/A       1%          2
h - Wereblood             Tmut           47%        N/A       1%          2
i - Animate Dead          Necr           23%        N/A       3%          4
Your spell library was empty.

Dungeon Overview and Level Annotations

Branches:
Dungeon (7/15)
 Temple: D:4-7

Altars:
Cheibriados
Dithmenos
Hepliaklqana
Kikubaaqudgha
Nemelex Xobeh
Okawaru
Qazlal
Ru
Sif Muna
Uskayaw
Vehumet
Yredelemnul

Shops:
D:2 =![*

Annotations:
D:3 Natasha
D:5 1 runed translucent door, DEFE's ghost, weakling DEDe


Innate Abilities, Weirdness & Mutations

You are immune to poison.
Your flesh is very heat resistant. (rF++)
You are vulnerable to cold. (rC-)
You float through the air rather than walking.
You learn spells naturally, not from books.
Your magical power is your life essence.
You have superior vitality. (+4 HP)


Message History

Press: ? - help, Dir - move target, f - orc priest
Aim: an orc priest, wielding a +0 hand axe (asleep) Poisonous vapours surround the orc priest!
The orc priest shouts!
A water moccasin zombie comes into view.
A two-headed ogre comes into view.
It is wielding two +0 giant spiked clubs.
The orc priest is poisoned.
The orc priest calls down the wrath of Beogh upon you.
Beogh smites you!
Casting: Poisonous Vapours (safe; 1% risk of failure)
Confirm with . or Enter, or press ? or * to list all spells.
You begin to radiate toxic energy.
The two-headed ogre is poisoned.
Unknown command.
Your toxic aura wanes.
The two-headed ogre looks more healthy.
Casting: Olgreb's Toxic Radiance (dangerous; 3% risk of failure)
Confirm with . or Enter, or press ? or * to list all spells.
Aiming: Mephitic Cloud (safe; 1% risk of failure)
Press: ? - help, Shift-Dir - straight line, f - two-headed ogre, p - orc priest
Aim: a two-headed ogre, wielding two +0 giant spiked clubs (lightly wounded, chance to affect: 53%)
The ball explodes into a vile cloud!
The stinking cloud engulfs the two-headed ogre but does no damage.
The two-headed ogre is lightly wounded.
The two-headed ogre is engulfed in noxious fumes.
Casting: Mephitic Cloud (safe; 1% risk of failure)
Confirm with . or Enter, or press ? or * to list all spells.
You ignite the poison in your surroundings!
The two-headed ogre is engulfed in blazing flames.
The two-headed ogre hits you with a +0 giant spiked club!
The two-headed ogre hits you with a +0 giant spiked club!!
* * * LOW HITPOINT WARNING * * *
Unknown command.
The orc priest calls down the wrath of Beogh upon you.
Beogh smites you!
* * * LOW HITPOINT WARNING * * *
The two-headed ogre is engulfed in blazing flames.
The orc priest invokes the aid of Beogh against you.
Beogh smites you!
You die...
Your body rises from the dead as a mindless zombie.

.
##.##..≈≈...#
#...≈≈.≈...#
#####......#
##.##..#
#....##
#.#######
#.......#
#######.# #@#
#.# #O# #§#
#○# #.# #.#
#o# #.#


You could see a two-headed ogre and an orc priest.

Vanquished Creatures
  Sigmund (D:2)
  A water moccasin (D:7)
  An ice beast (D:6)
  A black bear (D:4)
  2 sky beasts
  4 ogres
  4 centaurs
  A phantom (D:4)
  A kobold brigand (D:6)
  A scorpion (D:5)
  A bullfrog (D:6)
  A gnoll sergeant (D:5)
  A wyvern skeleton (D:5)
  A water moccasin skeleton (D:5)
  2 bullfrog zombies
  A jelly (D:6)
  2 orc priests
  A bullfrog skeleton (D:6)
  4 hounds
  2 iguanas
  Natasha (D:3)
  An orc wizard (D:6)
  A hound skeleton (D:4)
  Robin (D:3)
  13 gnolls
  6 adders
  A shadow imp (D:5)
  A white imp (D:7)
  3 worms
  2 dart slugs
  7 orcs
  2 ball pythons (D:3)
  3 bats
  5 endoplasms
  3 giant cockroaches
  18 goblins
  7 hobgoblins
  6 jackals
  2 quokkas (D:4)
  10 frilled lizards
  8 kobolds
  3 rats
137 creatures vanquished.

Vanquished Creatures (others)
  5 gnoll zombies
  2 orc zombies (D:3)
7 creatures vanquished.

Grand Total: 144 creatures vanquished

Notes
Turn   | Place    | Note
-------+----------+-------------------------------------------
     0 | D:1      | night the Djinni Venom Mage began the quest for the Orb.
     0 | D:1      | Reached XP level 1. HP: 15/15 MP: 0/0
     8 | D:1      | Became a worshipper of Yredelemnul the Dark
     8 | D:1      | Reached * piety under Yredelemnul
   650 | D:1      | Reached skill level 1 in Fighting
   650 | D:1      | Reached XP level 2. HP: 19/22 MP: 0/0
  1649 | D:2      | Reached XP level 3. HP: 25/27 MP: 0/0
  1649 | D:2      | Learned a level 1 spell: Sandblast
  1855 | D:2      | Noticed Sigmund
  1858 | D:2      | Killed Sigmund
  1859 | D:2      | Reached skill level 2 in Fighting
  1859 | D:2      | Reached skill level 2 in Shields
  1859 | D:2      | Reached XP level 4. HP: 26/34 MP: 0/0
  1859 | D:2      | Reached XP level 5. HP: 31/40 MP: 0/0
  1859 | D:2      | Learned a level 2 spell: Corpse Rot
  1990 | D:2      | Reached skill level 3 in Fighting
  2024 | D:2      | Found Fuecima's Antique Armour Boutique.
  2029 | D:2      | Found Xiuzofus's Assorted Antiques.
  2313 | D:2      | Found Boypneir's Distillery.
  2322 | D:2      | Bought a potion of heal wounds for 65 gold pieces
  2352 | D:2      | Found Pelimocu's Jewellery Shoppe.
  3001 | D:3      | Reached ** piety under Yredelemnul
  3004 | D:3      | Found an iron altar of Okawaru.
  3125 | D:3      | Reached XP level 6. HP: 46/46 MP: 0/0
  3284 | D:3      | Noticed Robin
  3295 | D:3      | Killed Robin
  3803 | D:3      | Noticed Natasha
  3807 | D:3      | Killed Natasha
  4054 | D:3      | Found a hazy altar of Hepliaklqana.
  4129 | D:3      | Noticed Natasha
  4207 | D:4      | Reached skill level 4 in Fighting
  4207 | D:4      | Reached XP level 7. HP: 46/52 MP: 0/0
  4207 | D:4      | Learned a level 2 spell: Wereblood
  4481 | D:4      | Noticed a steam dragon
  4718 | D:4      | Reached *** piety under Yredelemnul
  5172 | D:4      | Reached skill level 5 in Spellcasting
  5401 | D:4      | Reached skill level 5 in Fighting
  5401 | D:4      | Reached XP level 8. HP: 48/59 MP: 0/0
  5539 | D:4      | Identified 2 scrolls of acquirement
  5539 | D:4      | Acquired the +0 mask of the Dragon {Will+ Slay+3 SInv}
  5540 | D:4      | Found the +0 mask of the Dragon {Will+ Slay+3 SInv}
  5547 | D:4      | Acquired 874 gold pieces
  5623 | D:2      | Bought a distressingly furry robe for 142 gold pieces
  5623 | D:2      | Identified the +2 robe "Pacvaomp" {Int+4} (You bought it in
                  | a shop on level 2 of the Dungeon)
  5668 | D:2      | Bought an amulet of reflection for 420 gold pieces
  5756 | D:5      | Entered Level 5 of the Dungeon
  5756 | D:5      | Found a runed translucent door.
  5774 | D:5      | Noticed DEFE's ghost (weakling DEDe)
  6050 | D:5      | Found a snail-covered altar of Cheibriados.
  6057 | D:5      | Found a sparkling altar of Nemelex Xobeh.
  6072 | D:5      | Found a shadowy altar of Dithmenos.
  6080 | D:5      | Found a stormy altar of Qazlal.
  6087 | D:5      | Found a hide-covered altar of Uskayaw.
  6251 | D:5      | Reached skill level 6 in Fighting
  7014 | D:6      | Reached skill level 7 in Fighting
  7014 | D:6      | Reached XP level 9. HP: 57/68 MP: 0/0
  7014 | D:6      | Learned a level 4 spell: Animate Dead
  7967 | D:6      | Reached skill level 8 in Fighting
  8084 | D:6      | Found a sacrificial altar of Ru.
  8103 | D:7      | Reached **** piety under Yredelemnul
  8427 | D:7      | Noticed a two-headed ogre
  8441 | D:7      | HP: 4/70 [orc priest/divine providence (13)]
  8442 | D:7      | Killed from afar by an orc priest

Illustrated notes

Levels and vault maps discovered:
D:1:      dpeg_arrival_arbitrary_b, layout_loops_corners, basic_ecumenical_altar
D:2:      layout_basic, serial_shops, shop, nicolae_shop_trees, shop, shop,
          st_stairs_12, uniq_sigmund
D:3:      layout_loops_ring, okawaru_altar_gauntlet_db,
          nzn_hepliaklqana_mist_gate, uniq_natasha, uniq_robin
D:4:      layout_basic, vehumet_altar_wand_db, dk_vineyard_3,
          lightli_corner_chamber
D:5:      layout_gridville, grunt_temple_overflow_octagram,
          ebering_ghost_sewer_d
D:6:      layout_loops_ring, nicolae_ru_path_of_blood, minmay_misc_feat_plants
D:7:      layout_basic, minmay_temple_entry_arrows, serial_rivers,
          chequers_serial_rivers_marsh, chequers_serial_rivers_room_a,
          chequers_serial_rivers_micro_c, chequers_serial_rivers_micro_a,
          serial_shops, shop, kb_rosetta

Skill      XL: |  1  2  3  4  5  6  7  8  9 |
---------------+----------------------------+-----
Fighting       | 1 2 3 4 5 7 8 |  8.2
Spellcasting   | 3 4 5 6 7 |  7.5
Shields        | 2 3 4 |  4.0
Dodging        | |  2.1
Stealth        | |  1.5

Action                   |  1- 3 |  4- 6 |  7- 9 || total
-------------------------+-------+-------+-------++-------
Melee: Unarmed           |     1 |       |       ||     1
       Dagger            |     3 |    10 |    48 ||    61
       Mace              |       |       |    25 ||    25
 Cast: Sting             |    42 |    56 |    60 ||   158
       Poisonous Vapours |     1 |     8 |    34 ||    43
       Ignite Poison     |     1 |     4 |    18 ||    23
       Mephitic Cloud    |     1 |       |     3 ||     4
       Olgreb's Toxic Ra |       |     5 |    12 ||    17
       Sandblast         |       |     1 |    12 ||    13
Invok: Animate Remains   |       |     2 |       ||     2
       Recall Undead Sla |       |     1 |       ||     1
       Animate Dead      |       |       |     2 ||     2
  Use: Scroll            |       |     5 |    11 ||    16
 Stab: Sleeping          |       |     4 |     2 ||     6
Armor: Robe              |     4 |    11 |    23 ||    38
Dodge: Dodged            |     6 |    19 |    38 ||    63
Block: Buckler           |       |     8 |    49 ||    57
       Reflection        |       |       |     4 ||     4

Table legend: (Time is in decaauts)
 A = Elapsed time spent in this place.
 B = Non-inter-level travel time spent in this place.
 C = Inter-level travel time spent in this place.
 D = Time resting spent in this place.
 E = Time spent auto-exploring this place.
 F = Levels seen in this place.
 G = Mean time per level.
                   A        B        C        D        E       F      G
               +--------+--------+--------+--------+--------+-----+--------+
         Total |   8451 |   8050 |    401 |    380 |   6653 |   7 | 1207.3 |
       Dungeon |   8451 |   8050 |    401 |    380 |   6653 |   7 | 1207.3 |
               +--------+--------+--------+--------+--------+-----+--------+

Top non-repeatable levels by time:
     D:1: 1618 daAuts
     D:4: 1472 daAuts
     D:2: 1357 daAuts
     D:3: 1308 daAuts
     D:5: 1213 daAuts
     D:6: 1133 daAuts
     D:7: 347 daAuts
